 Dungeon Crawl Stone Soup version 0.31.0-11-ge490571c62 (webtiles) character file.

Game seed: 5061788963912498775

3803 Drazool the Arsonist (level 10, 0/82 (84) HPs)
             Began as a Naga Fire Elementalist on Feb 2, 2024.
             Was a Believer of Sif Muna.
             Slain by a wight
             ... wielding a +0 trident
              (2 damage)
             ... on level 8 of the Dungeon.
             The game lasted 00:30:14 (9045 turns).

Drazool the Arsonist (Naga Fire Elementalist)       Turns: 9045, Time: 00:30:15

HP:   0/82 (84)     AC:  7    Str: 10    XL:     10   Next: 17%
MP:   10/19         EV: 10    Int: 20    God:    Sif Muna [**....]
Gold: 773           SH:  0    Dex: 12    Spells: 11/21 levels left

rFire   + . .        o - +1 dire flail
rCold   . . .        (shield currently unavailable)
rNeg    . . .        a - +0 robe
rPois   +            e - +0 helmet
rElec   .            m - +1 cloak
rCorr   +            (no gloves)
SInv    +            (no barding)
Will    +....        (no amulet)
Stlth   +++          F - ring of protection from fire
HPRegen 0.33/turn    R - ring of resist corrosion
MPRegen 0.16/turn

%: no passive effects
@: slowed, lightly drained, very slow
A: AC +3, large, see invisible, deformed body, poison resistance, slowness 2,
spit poison 1, naga tail 1
a: Spit Poison, Renounce Religion, Channel Magic


You were on level 8 of the Dungeon.
You worshipped Sif Muna.
Sif Muna was pleased with you.
You visited 1 branch of the dungeon, and saw 8 of its levels.
You also visited: Ossuary.

You collected 773 gold pieces.


Innate Abilities, Weirdness & Mutations

Your serpentine skin is tough. (AC +3)
You have supernaturally acute eyesight. (SInv)
Armour fits poorly on your strangely shaped body.
Your system is resistant to poisons. (rPois)
You cover ground very slowly.
You can spit poison.
You have a snake-like lower body.


   Skills:
 + Level 3.3 Fighting
 - Level 3.0 Dodging
 - Level 5.0 Stealth
 - Level 6.0 Spellcasting
 - Level 6.0 Conjurations
 - Level 3.0 Translocations
 - Level 8.0 Fire Magic
 - Level 6.0 Invocations
 - Level 2.0 Evocations


You had 11 spell levels left.
You knew the following spells:

 Your Spells              Type           Power      Damage    Failure   Level
f - Foxfire               Conj/Fire      100%       2x1d9     1%          1
X - Scorch                Fire           76%        2d8       1%          2
Y - Volatile Blastmotes   Fire/Tloc      56%        2d14      3%          3
Z - Flame Wave            Conj/Fire      34%        2d10      6%          4

Your spell library contained the following spells:

 Spells                   Type           Power      Damage    Failure   Level
 Inner Flame              Hex/Fire       22%        N/A       6%          3
 Summon Cactus Giant      Summ           3%         N/A       100%        6

Inventory:

Hand Weapons
 o - a +1 dire flail (weapon)
Armour
 a - a +0 robe (worn)
 e - a +0 helmet (worn)
 m - a +1 cloak (worn)
Jewellery
 F - a ring of protection from fire (left hand)
 R - a ring of resist corrosion (right hand)
Wands
 k - a wand of flame (35)
 r - a wand of paralysis (10)
Scrolls
 b - a scroll of silence {!r}
 c - a scroll of fog
 g - a scroll of teleportation {@r2}
 l - a scroll of amnesia
 q - 2 scrolls of noise
 u - 2 scrolls of immolation {unknown}
 y - 2 scrolls of revelation
 A - 3 scrolls of enchant armour
Potions
 d - 6 potions of brilliance
 f - a potion of lignification {unknown}
 h - a potion of curing {@q1}
 i - 3 potions of enlightenment {unknown}
 j - a potion of invisibility
 n - 2 potions of might {unknown}
 p - 3 potions of mutation
 s - 3 potions of haste {unknown}
 t - 2 potions of magic
 v - a potion of berserk rage {unknown}
 w - a potion of resistance {unknown}
 x - 2 potions of degeneration {unknown}
 z - 2 potions of attraction {unknown}
 B - 2 potions of heal wounds {unknown}

Dungeon Overview and Level Annotations

Branches:
Dungeon (8/15)             Temple (0/1) D:4         Ossuary (visited)
   Lair: D:8-11

Altars:
Dithmenos
Elyvilon
Fedhas
Gozag
Nemelex Xobeh
Sif Muna
Uskayaw
Xom
The Shining One

Annotations:
D:4 3 runed translucent doors, Laqueoixx's ghost, amateur OpSh

#..###.................#
..###'####..#.........
..........)........#.###
...........).....#.#.#.#
........###.#.#.##.#.#.#
#.......# #.#..........#
........# ###........#†#
####..#'###.[....#.#.#†#
.........@#.#..#.....#.#
.......zvv#.#..#.#####.###
..........#.#.............
#+##..#'###.#...#####)####
#.##..#.###.#.............
#.........#.#.#........###
###.....#.#.#.#.####......
#†o.###.# #.........####
#h)#.###.# ######.#[.# #


You could see a wight (ally target) and an orc.


Message History

The wight hits you from afar with a +0 trident.
* * * LOW HITPOINT WARNING * * *
You feel drained.
* * * LOW HITPOINT WARNING * * *
Your life force feels restored.
Training target 5.0 for Stealth reached!
Your Stealth skill increases to level 5!
You need to enable at least one skill for training.
Casting: Foxfire (safe; 1% risk of failure)
Press: ? - help, Q - select action, (/) - cycle Dir - look around, f - activate You conjure some foxfire!
The wight closely misses you.
Casting: Foxfire (safe; 1% risk of failure)
Confirm with . or Enter, or press ? or * to list all spells.
Flames lash the wight but do no damage.
The foxfire hits the wight.
The wight is severely damaged.
The foxfire hits the wight but does no damage.
The wight is severely damaged.
The wight hits you from afar with a +0 trident.
* * * LOW HITPOINT WARNING * * *
The wight hits you from afar with a +0 trident.
* * * LOW HITPOINT WARNING * * *
Unknown command.
Casting: Foxfire (safe; 1% risk of failure)
Press: ? - help, Q - select action, (/) - cycle Dir - look around, f - activate You conjure some foxfire!
The wight hits you from afar with a +0 trident.
* * * LOW HITPOINT WARNING * * *
You feel drained.
You die...

Skill      XL: |  1  2  3  4  5  6  7  8  9 10 |
---------------+-------------------------------+-----
Conjurations   | 2 3 4 6 |  6.0
Spellcasting   | 3 4 5 6 |  6.0
Fire Magic     | 4 5 6 8 |  8.0
Evocations     | 2 |  2.0
Invocations    | 1 3 5 6 |  6.0
Translocations | 2 3 |  3.0
Dodging        | 3 |  3.0
Fighting       | 3 |  3.3
Stealth        | 5 |  5.0

Action                     |  1- 3 |  4- 6 |  7- 9 | 10-12 || total
---------------------------+-------+-------+-------+-------++-------
  Melee: Unarmed           |     4 |     8 |    27 |       ||    39
         Punch             |       |       |     1 |       ||     1
   Cast: Foxfire           |    39 |   110 |   195 |     5 ||   349
         Scorch            |     1 |    28 |    52 |     3 ||    84
         Flame Wave        |       |       |    10 |     2 ||    12
         Volatile Blastmot |       |       |     4 |       ||     4
 Invoke: Channel Magic     |       |       |     4 |     1 ||     5
Ability: Spit Poison       |       |     6 |    17 |       ||    23
  Evoke: Wand              |       |     4 |     6 |       ||    10
    Use: Scroll            |     3 |     7 |     6 |     1 ||    17
         Potion            |       |     3 |     3 |       ||     6
   Stab: Paralysed         |       |       |     3 |       ||     3
 Armour: Robe              |     2 |    39 |   102 |    10 ||   153
  Dodge: Dodged            |     2 |    27 |    57 |     5 ||    91

Levels and vault maps discovered:
D:1:      dpeg_arrival_tiny_a, layout_loops_cross, grunt_decor_cap,
          grunt_decor_mini_mirrors
D:2:      layout_rooms, minivault_11, uniq_jessica
D:3:      layout_rooms, minitemple, mainiacjoe_overflow_24_doors,
          shapermc_ecumenical_altar_mp_highgroup, uniq_ijyb
D:4:      layout_cave_pods, xom_redecorated, minmay_temple_entry_sparse_star,
          biasface_ghost_orc_armoury, chequers_serial_rivers_large_a,
          hangedman_decor_peaks_small, uniq_robin
D:5:      layout_basic, gup_sewer_entry_glass
D:6:      layout_gridville, enter_ossuary_1, minmay_unpleasant_kobolds
D:7:      layout_loops_ring, grunt_gozag_statues
D:8:      cheibrodos_ideogram_h, layout_basic, uniq_maggie

Notes
Turn   | Place    | Note
-------+----------+-------------------------------------------
     0 | D:1      | Drazool the Naga Fire Elementalist began the quest for the
                  | Orb.
     0 | D:1      | Reached XP level 1. HP: 15/15 MP: 3/3
   287 | D:1      | Reached skill level 2 in Conjurations
   287 | D:1      | Reached XP level 2. HP: 17/22 MP: 0/5
   424 | D:1      | Learned a level 2 spell: Scorch
   902 | D:2      | Noticed Jessica
   930 | D:2      | Killed Jessica
   931 | D:2      | Reached skill level 3 in Conjurations
   931 | D:2      | Reached XP level 3. HP: 28/28 MP: 1/6
  1268 | D:2      | Reached XP level 4. HP: 36/36 MP: 2/8
  1444 | D:2      | Reached skill level 3 in Spellcasting
  1807 | D:3      | Noticed Ijyb
  1823 | D:3      | Paralysed by Ijyb for 2 turns
  1825 | D:3      | Killed Ijyb
  1829 | D:3      | Reached XP level 5. HP: 36/42 MP: 0/9
  1856 | D:3      | Reached skill level 4 in Fire Magic
  1996 | D:3      | Found a shimmering blue altar of Sif Muna.
  2006 | D:3      | Became a worshipper of Sif Muna the Loreminder
  2182 | D:3      | Reached skill level 1 in Evocations
  2344 | D:3      | Reached skill level 2 in Evocations
  2626 | D:3      | Found a faded altar of an unknown god.
  2710 | D:3      | Found a blossoming altar of Fedhas.
  2712 | D:3      | Found a white marble altar of Elyvilon.
  2712 | D:3      | Found a hide-covered altar of Uskayaw.
  2713 | D:3      | Found a glowing golden altar of the Shining One.
  2716 | D:3      | Found a sparkling altar of Nemelex Xobeh.
  2717 | D:3      | Found a shadowy altar of Dithmenos.
  2749 | D:3      | Reached XP level 6. HP: 15/49 MP: 2/11
  3069 | D:4      | Reached skill level 4 in Spellcasting
  3282 | D:4      | Noticed Robin
  3301 | D:4      | Killed Robin
  3473 | D:4      | Reached * piety under Sif Muna
  3558 | D:4      | Found a staircase to the Ecumenical Temple.
  3656 | D:4      | Found a runed translucent gate.
  3656 | D:4      | Found a runed translucent gate.
  3656 | D:4      | Found a runed translucent gate.
  3658 | D:4      | Identified the +0 chain mail "Zixammof" {rF+}
  3660 | D:4      | Noticed Laqueoixx's ghost (amateur OpSh)
  3979 | D:4      | Found a shimmering altar of Xom.
  3979 | D:4      | Found a shimmering altar of Xom.
  3979 | D:4      | Found a shimmering altar of Xom.
  3999 | D:4      | Reached skill level 5 in Fire Magic
  4039 | D:4      | Found a shimmering altar of Xom.
  4039 | D:4      | Found a shimmering altar of Xom.
  4040 | D:4      | Found a shimmering altar of Xom.
  4041 | D:4      | Found a shimmering altar of Xom.
  4042 | D:4      | Found a shimmering altar of Xom.
  4590 | D:5      | Entered Level 5 of the Dungeon
  4600 | D:5      | Reached skill level 1 in Invocations
  4626 | D:5      | Reached XP level 7. HP: 55/55 MP: 9/13
  4634 | D:5      | Reached skill level 2 in Invocations
  4736 | D:5      | Found a glowing drain.
  4803 | D:5      | Reached skill level 4 in Conjurations
  4967 | D:5      | Reached skill level 3 in Invocations
  5567 | D:5      | Reached skill level 6 in Fire Magic
  5693 | D:5      | Learned a level 3 spell: Volatile Blastmotes
  5819 | D:6      | Reached skill level 1 in Translocations
  5826 | D:6      | Reached skill level 2 in Translocations
  5826 | D:6      | Reached XP level 8. HP: 56/62 MP: 2/14
  5899 | D:6      | Found a sand-covered staircase.
  5908 | Ossuary  | Entered an ossuary
  5916 | Ossuary  | Reached ** piety under Sif Muna
  6027 | Ossuary  | Reached skill level 3 in Translocations
  6146 | Ossuary  | Reached skill level 2 in Dodging
  6520 | D:6      | Learned a level 4 spell: Flame Wave
  6885 | D:6      | Reached skill level 3 in Dodging
  7322 | D:7      | Reached skill level 5 in Conjurations
  7376 | D:7      | Found an opulent altar of Gozag.
  7523 | D:7      | Reached skill level 5 in Spellcasting
  7725 | D:7      | Reached skill level 6 in Conjurations
  7725 | D:7      | Reached XP level 9. HP: 68/68 MP: 5/16
  8368 | D:7      | Reached skill level 7 in Fire Magic
  8383 | D:7      | Reached skill level 1 in Fighting
  8530 | D:8      | Reached skill level 2 in Fighting
  8537 | D:8      | Reached skill level 3 in Fighting
  8599 | D:8      | Reached skill level 4 in Invocations
  8716 | D:8      | HP: 4/69 [wight/+5 hand axe (10)]
  8772 | D:8      | Noticed Maggie
  8787 | D:8      | Killed Maggie
  8788 | D:8      | Reached skill level 5 in Invocations
  9018 | D:8      | Reached skill level 8 in Fire Magic
  9026 | D:8      | Reached skill level 6 in Spellcasting
  9028 | D:8      | Reached XP level 10. HP: 53/84 MP: 9/19
  9029 | D:8      | Reached skill level 6 in Invocations
  9033 | D:8      | Reached skill level 4 in Stealth
  9043 | D:8      | Reached skill level 5 in Stealth
  9044 | D:8      | HP: 8/84 [wight/+0 trident (3)]
  9045 | D:8      | HP: 2/84 [wight/+0 trident (6)]
  9045 | D:8      | Slain by a wight

Vanquished Creatures
  Maggie (D:8)
  A wraith (D:8)
  3 steam dragons
  A water moccasin (D:7)
  An ice beast (D:8)
  3 orc warriors
  2 sky beasts
  2 black bears (D:8)
  A centaur (D:8)
  A kobold brigand (D:7)
  2 bullfrogs (D:8)
  4 scorpions
  4 wights (D:8)
  3 killer bees (D:8)
  A howler monkey (D:8)
  A bombardier beetle (D:5)
  3 jellies
  4 hounds
  6 orc priests
  6 sleepcaps
  Jessica (D:2)
  Ijyb (D:3)
  An iguana (D:5)
  9 orc wizards
  8 mummies (Ossuary)
  Robin (D:4)
  11 adders
  4 gnolls (D:5)
  2 white imps
  2 ufetubi (D:5)
  2 ribbon worms (D:3)
  A dart slug (D:1)
  31 orcs
  3 ball pythons (D:3)
  8 endoplasms
  7 giant cockroaches
  10 goblins
  6 hobgoblins
  5 jackals (D:3)
  2 quokkas
  2 bats (D:2)
  2 frilled lizards
  3 hobgoblin zombies (Ossuary)
  9 kobolds
  2 kobold zombies (Ossuary)
  3 orc zombies (Ossuary)
  6 rats
192 creatures vanquished.

Vanquished Creatures (others)
  597 foxfires
597 creatures vanquished.

Grand Total: 789 creatures vanquished

Table legend: (Time is in decaauts)
 A = Elapsed time spent in this place.
 B = Non-inter-level travel time spent in this place.
 C = Inter-level travel time spent in this place.
 D = Time resting spent in this place.
 E = Time spent auto-exploring this place.
 F = Levels seen in this place.
 G = Mean time per level.
                   A        B        C        D        E       F      G
               +--------+--------+--------+--------+--------+-----+--------+
         Total |  10840 |  10520 |    320 |   1438 |   7367 |   9 | 1204.4 |
       Dungeon |  10337 |  10017 |    320 |   1309 |   7131 |   8 | 1292.1 |
       Ossuary |    503 |    503 |      0 |    129 |    236 |   1 |  503.0 |
               +--------+--------+--------+--------+--------+-----+--------+

Top non-repeatable levels by time:
     D:4: 1907 daAuts
     D:3: 1573 daAuts
     D:5: 1401 daAuts
     D:7: 1393 daAuts
     D:6: 1317 daAuts
     D:1: 1066 daAuts
     D:2: 996 daAuts
     D:8: 680 daAuts
 Ossuary: 503 daAuts

Table legend:
 A = Non-vault XP
 B = Vault XP
 C = Vault XP percentage of total XP
 D = Non-vault monster count
 E = Vault monster count
 F = Vault count percentage of total count
                 A         B        C        D         E       F
            +---------+---------+-------+---------+---------+-------
      Total |    3418 |    2016 |  37.1 |     139 |      53 |  27.6
            +---------+---------+-------+---------+---------+-------
        D:1 |      18 |       0 |   0.0 |       9 |       0 |   0.0
        D:2 |      47 |      37 |  44.0 |      15 |       1 |   6.2
        D:3 |     213 |      36 |  14.5 |      28 |       1 |   3.4
        D:4 |     184 |      35 |  16.0 |      12 |      11 |  47.8
        D:5 |     513 |      53 |   9.4 |      28 |       4 |  12.5
        D:6 |     529 |      11 |   2.0 |      12 |       6 |  33.3
        D:7 |    1034 |       0 |   0.0 |      17 |       0 |   0.0
        D:8 |     880 |    1692 |  65.8 |      18 |      14 |  43.8
    Ossuary |       0 |     152 | 100.0 |       0 |      16 | 100.0
            +---------+---------+-------+---------+---------+-------
